 Dungeon Crawl Stone Soup version 0.27-a0-1200-g94dc6ad4cf (webtiles) character file.

Game seed: 15744101180639284879

106072 PonderousOgre the Warrior (level 16, -4/189 HPs)
             Began as an Ogre Ice Elementalist on June 1, 2021.
             Was an Elder of Sif Muna.
             Succumbed to a meliai's poison
             ... on level 13 of the Dungeon.
             The game lasted 07:12:01 (48792 turns).

PonderousOgre the Warrior (Ogre Ice Elementalist)  Turns: 48792, Time: 07:12:01

Health: -4/189     AC:  5    Str: 16    XL:     16   Next: 43%
Magic:  22/25      EV: 14    Int: 30    God:    Sif Muna [****..]
Gold:   1727       SH: 22    Dex: 19    Spells: 4/27 levels left

rFire    + . .     SeeInvis .   X - +7 hand axe of Rubbish {elec, Dex+3}
rCold    . . .     Faith    .   i - +3 tower shield "Ekauseol" {rF+}
rNeg     . . .     Spirit   .   I - +1 robe of Starshine {Will+ Int+3}
rPois    .         Reflect  .   (helmet restricted)
rElec    .         Harm     .   z - +0 cloak of the Lobster {Int+7}
rCorr    .         Rampage  .   (gloves unavailable)
Will     ++...                  (boots unavailable)
Stlth    ++........             V - amulet of the acrobat
HPRegen  0.41/turn              T - +4 ring of evasion
MPRegen  0.19/turn              b - +6 ring of dexterity

@: lethally poisoned (-4 -> -25), very slightly contaminated, studying
Conjurations, invisible
A: large, unfitting armour, tough skin 1, sturdy frame 1
a: Renounce Religion, Channel Magic, Forget Spell, Divine Exegesis


You were on level 13 of the Dungeon.
You worshipped Sif Muna.
Sif Muna was greatly pleased with you.
You visited 6 branches of the dungeon, and saw 25 of its levels.
You also visited: Gauntlet and Ice Cave.

You collected 3349 gold pieces.
You spent 1622 gold pieces at shops.

Inventory:

Hand Weapons
 A - a +2 antimagic spear
 B - the +5 dagger "Ogre's Curse" {freeze, rN+}
   (You took it off a minotaur in a Gauntlet)

   It has been specially enchanted to freeze those struck by it, causing extra
   injury to most foes and up to half again as much damage against particularly
   susceptible opponents.
   It can also slow down cold-blooded creatures.
   It protects you from negative energy.
 X - the +7 hand axe of Rubbish (weapon) {elec, Dex+3}
   (You found it on level 9 of the Dungeon)

   Occasionally, upon striking a foe, it can discharge electrical energy and
   cause terrible harm.
   It affects your dexterity (+3).
Missiles
 m - 8 javelins
 s - 15 boomerangs
 F - 123 stones
 G - 14 silver javelins
 L - 47 poisoned darts (quivered)
 R - 2 curare-tipped darts
 S - 4 throwing nets
Armour
 i - the +3 tower shield "Ekauseol" (worn) {rF+}
   (You found it in a Gauntlet)

   It protects you from fire.
 x - a +2 robe of resistance
 z - the +0 cloak of the Lobster (worn) {Int+7}
   (You bought it in a shop on level 7 of the Dungeon)

   It affects your intelligence (+7).
 I - the +1 robe of Starshine (worn) {Will+ Int+3}
   (You found it in a Gauntlet)

   It affects your intelligence (+3).
   It increases your willpower.
Magical Staves
 N - a staff of cold
Jewellery
 b - a +6 ring of dexterity (right hand)
 f - a ring of see invisible
 v - the ring of Ysaume Tirgh {rC+ rCorr}
   (You found it in a Gauntlet)

   [ring of resist corrosion]

   It protects you from cold.
   It protects you from acid and corrosion.
 w - an amulet of guardian spirit
 C - a ring of willpower
 J - a ring of poison resistance
 T - a +4 ring of evasion (left hand)
 V - an amulet of the acrobat (around neck)
Wands
 D - a wand of charming (6)
 K - a wand of flame (24)
 P - a wand of iceblast (34)
 U - a wand of digging (11)
Scrolls
 a - 2 scrolls of fog
 d - 2 scrolls of enchant weapon
 e - 2 scrolls of enchant armour
 j - 4 scrolls of amnesia
 l - 4 scrolls of immolation
 t - 3 scrolls of magic mapping {unknown}
 y - 13 scrolls of teleportation
Potions
 c - a potion of magic {unknown}
 g - a potion of attraction {unknown}
 h - 7 potions of lignification
 n - a potion of degeneration {unknown}
 o - 4 potions of cancellation
 p - 3 potions of invisibility
 q - 4 potions of might
 u - 6 potions of brilliance
 E - 4 potions of flight
 H - 4 potions of mutation
 Y - 3 potions of haste
Miscellaneous
 k - a phantom mirror
 r - a lightning rod (3/4)
 M - a phantom mirror
 O - a phantom mirror
 Q - a condenser vane
 W - a phial of floods


   Skills:
 - Level 19.2 Fighting
 - Level 1.7 Dodging
 - Level 1.4 Stealth
 - Level 15.0 Shields
 - Level 6.3 Spellcasting
 + Level 11.0 Conjurations
 - Level 5.6 Ice Magic
 - Level 12.5 Earth Magic


You had 4 spell levels left.
You knew the following spells:

 Your Spells              Type           Power      Damage    Failure   Level
a - Petrify               Tmut/Erth      47%        N/A       3%          4
b - Frozen Ramparts       Ice            86%        1d10      1%          3
c - Ozocubu's Armour      Ice            43%        N/A       1%          3
d - Sandblast             Erth           100%       2d20      1%          1
e - Lee's Rapid Deconstr  Erth           35%        3d19*     1%          5
f - Stone Arrow           Conj/Erth      100%       3d13      1%          3
g - Leda's Liquefaction   Hex/Erth       23%        N/A       3%          4

Your spell library contained the following spells:

 Spells                   Type           Power      Damage    Failure   Level
 Foxfire                  Conj/Fire      100%       2x1d9     1%          1
 Freeze                   Ice            100%       1d11      1%          1
 Magic Dart               Conj           100%       1d8       1%          1
 Shock                    Conj/Air       100%       1d9       1%          1
 Passwall                 Tmut/Erth      39%        N/A       1%          2
 Searing Ray              Conj           100%       3d7       1%          2
 Static Discharge         Conj/Air       42%        N/A       1%          2
 Dazzling Flash           Conj/Hex       84%        N/A       1%          3
 Hailstorm                Conj/Ice       56%        3d12      1%          4
 Ensorcelled Hibernation  Hex/Ice        52%        N/A       2%          2
 Mephitic Cloud           Conj/Pois/Air  31%        N/A       3%          3
 Animate Armour           Summ/Erth      94%        N/A       3%          4
 Corona                   Hex            10%        N/A       5%          1
 Summon Small Mammal      Summ           36%        N/A       5%          1
 Fulminant Prism          Conj/Hex       21%        3d13      5%          4
 Iskenderun's Mystic Bla  Conj/Tloc      42%        2d10      5%          4
 Call Imp                 Summ           9%         N/A       8%          2
 Slow                     Hex            9%         N/A       8%          2
 Call Canine Familiar     Summ           9%         N/A       16%         3
 Gell's Gravitas          Tloc           4%         N/A       16%         3
 Ignite Poison            Fire/Tmut/Pois 9%         N/A       16%         3
 Inner Flame              Hex/Fire       9%         N/A       16%         3
 Portal Projectile        Hex/Tloc       18%        N/A       16%         3
 Summon Guardian Golem    Hex/Summ       9%         N/A       16%         3
 Swiftness                Air            9%         N/A       16%         3
 Teleport Other           Tloc           9%         N/A       16%         3
 Summon Ice Beast         Ice/Summ       26%        N/A       16%         4
 Airstrike                Air            4%         N/A       45%         4
 Cause Fear               Hex            4%         N/A       45%         4
 Summon Lightning Spire   Summ/Air       9%         N/A       45%         4
 Iskenderun's Battlesphe  Conj           66%        2d12      1%          5
 Bolt of Magma            Conj/Fire/Erth 27%        4d13      5%          5
 Iron Shot                Conj/Erth      34%        9d7       6%          6
 Fireball                 Conj/Fire      21%        3d10      14%         5
 Lightning Bolt           Conj/Air       21%        1d36      14%         5
 Metabolic Englaciation   Hex/Ice        13%        N/A       41%         5
 Orb of Destruction       Conj           33%        9d12      43%         7
 Statue Form              Tmut/Erth      31%        N/A       52%         6
 Starburst                Conj/Fire      21%        8x6d7     63%         6
 Manifold Assault         Tloc           9%         N/A       82%         5
 Silence                  Hex/Air        4%         N/A       82%         5
 Summon Mana Viper        Hex/Summ       9%         N/A       82%         5
 Yara's Violent Unravell  Hex/Tmut       4%         3d4       82%         5
 Spellforged Servitor     Conj/Summ      21%        N/A       99%         7
 Malign Gateway           Summ/Tloc      4%         N/A       100%        7
 Disjunction              Tloc           4%         N/A       100%        8
 Ignition                 Fire           4%         3d4       100%        8
 Necromutation            Tmut/Necr      4%         N/A       100%        8
 Shatter                  Erth           35%        3d28*     100%        9


Dungeon Overview and Level Annotations

Branches:
Dungeon (14/15)            Temple (1/1) D:4            Lair (6/6) D:11
 Shoals (1/4) Lair:4        Snake (1/4) Lair:3        Slime (0/5) Lair:6
    Orc (2/2) D:12            Elf (0/3) Orc:2        Vaults (0/5) D:13
  IceCv (visited)         Gauntlet (visited)

Altars:
Ashenzari
Cheibriados
Dithmenos
Elyvilon
Fedhas
Gozag
Hepliaklqana
Kikubaaqudgha
Makhleb
Nemelex Xobeh
Okawaru
Qazlal
Ru
Sif Muna
Trog
Uskayaw
Vehumet
Wu Jian
Xom
Yredelemnul
Zin
The Shining One
Beogh

Shops:
D:4 (   D:7 [   D:8 ([(*   D:11 *   Orc:2 (((=

Annotations:
D:3 2 transporters
D:13 3 runed translucent doors
Snake:1 exclusion: oklob plant


Innate Abilities, Weirdness & Mutations

You are too large for most types of armour.
You have tough skin. (AC +1)
Your movements are slightly less encumbered by armour. (ER -2)


Message History

The troll claws you but does no damage. You block the meliai's attack.
The meliai stings you!
* * * LOW HITPOINT WARNING * * *
You are very lightly contaminated with residual magic.
Your frozen ramparts will break if you move.
Continue?
Uppercase [Y]es or [N]o only, please.
Your frozen ramparts will break if you move.
Continue?
The frozen ramparts melt away as you move.
* * * LOW HITPOINT WARNING * * *
You feel very sick.
* * * LOW HITPOINT WARNING * * *
You feel very sick.
* * * LOW HITPOINT WARNING * * *
You feel very sick. The meliai misses you. The meliai completely misses you.
You feel much better.
You feel very sick.
The troll shouts!
You block the meliai's attack. x2; The meliai misses you.
The meliai stings you.
* * * LOW HITPOINT WARNING * * *
You are more poisoned.
The meliai poisons you!
* * * LOW HITPOINT WARNING * * *
You feel extremely sick.
You feel very sick.
You feel very sick.
You see here a boulder beetle corpse.
You feel very sick.
There is a stone staircase leading up here.
You feel very sick. You block the troll's attack. The troll claws you.
* * * LOW HITPOINT WARNING * * *
You block the troll's attack. You block the meliai's attack.
The meliai stings you.
* * * LOW HITPOINT WARNING * * *
You are more poisoned.
The meliai poisons you!
You climb upwards.
Level annotation: 3 runed translucent doors You die...

.........#......# ##.#..# #..
.........#......# ##...# #..
.........#......# ##..# #..
.........#......#######..######..
.........#.......................
.........#.......................
###'######.......................
#................................
................@T(.............[
..............###...#####........
..............'.#...#...#........
........#######.#...............#
#######.#.......#...###.#######..
......#.#.......#...#..#..##..#..
......#.#.......'...#.#..#..#.#..
......#.#.......#...##..###..##..
......#.#.......#...##.#.#.#.##.#


You could see a troll.

Vanquished Creatures
  An orc warlord (D:12)
  A cacodemon (Gauntlet)
  Nessos (D:12)
  A minotaur (Gauntlet)
  A merfolk impaler (Lair:4)
  5 boulder beetles
  4 hydras
  5 catoblepae
  Harold (D:7)
  3 centaur warriors (D:13)
  An anaconda (Lair:3)
  13 two-headed ogres
  2 ogre magi (Orc:2)
  26 death yaks
  An orc high priest (Orc:2)
  The ghost of koorschki the Covert, a novice DsAM of Okawaru (D:8)
  2 deep trolls (Orc:2)
  A death drake (Gauntlet)
  A deep elf zephyrmancer (D:13)
  3 orc sorcerers (Orc:2)
  3 manticores
  3 ugly things
  5 oklob plants
  5 cyclopes
  The ghost of 2tc the Tainter, a novice DsVM of Kikubaaqudgha (D:6)
  Maurice (D:9)
  Joseph (D:9)
  A merfolk siren (Lair:4)
  10 elephants
  3 ice statues
  A molten gargoyle (Lair:5)
  2 torpor snails
  8 black mambas
  12 cane toads
  2 gargoyles
  2 unseen horrors
  3 rime drakes
  A kobold demonologist (D:7)
  12 komodo dragons
  An efreet (D:12)
  11 trolls
  A redback zombie (Gauntlet)
  3 merfolk (Shoals:1)
  A polar bear (Lair:2)
  2 meliai (D:14)
  A queen bee (Gauntlet)
  10 blink frogs
  A slime creature (D:7)
  A wind drake (Lair:4)
  9 dream sheep
  Sigmund (D:2)
  2 shadows
  A vampire (D:5)
  4 wraiths (D:13)
  4 wyverns
  44 yaks
  Eustachio (D:6)
  6 vampire mosquitoes
  7 basilisks
  4 steam dragons
  2 neqoxecs (Gauntlet)
  A warg (Orc:2)
  Edmund (D:6)
  12 water moccasins
  3 acid dragons
  Duvessa (D:7)
  5 black bears
  A sky beast (D:6)
  21 orc warriors
  6 ice beasts (IceCv)
  4 necrophages
  25 ogres
  34 wolves
  A boggart (Gauntlet)
  6 centaurs
  A phantom (D:7)
  6 kobold brigands
  16 bullfrogs
  3 scorpions (D:5)
  2 gnoll sergeants
  Dowan (D:7)
  14 killer bees
  5 wights (D:7)
  3 jellies
  4 howler monkeys (D:12)
  A lava snake (Lair:5)
  6 centaur zombies
  3 hounds
  A gnoll shaman (D:7)
  13 orc priests
  2 centaur skeletons
  Jessica (D:2)
  4 iguanas
  17 orc wizards
  A killer bee zombie (D:8)
  Robin (D:4)
  3 howler monkey zombies
  3 adders
  4 gnolls (D:6)
  A howler monkey skeleton (D:5)
  2 shadow imps
  A white imp (D:5)
  3 ufetubi
  4 worms
  The ghost of Welwordion the Sneak, a weakling OpDe (D:4)
  4 dart slugs
  65 orcs
  4 endoplasms
  A giant cockroach (D:4)
  13 goblins
  6 hobgoblins
  6 jackals
  2 quokkas
  10 ball pythons
  5 bats
  5 frilled lizards
  A jackal skeleton (D:4)
  22 kobolds
  5 rats
664 creatures vanquished.

Vanquished Creatures (collateral kills)
  A manticore (Lair:6)
1 creature vanquished.

Vanquished Creatures (others)
  An orc (D:8)
  9 bushes
  82 fungi
  89 plants
181 creatures vanquished.

Grand Total: 846 creatures vanquished

Notes
Turn   | Place    | Note
-------+----------+-------------------------------------------
     0 | D:1      | PonderousOgre the Ogre Ice Elementalist began the quest for
                  | the Orb.
     0 | D:1      | Reached XP level 1. HP: 16/16 MP: 3/3
   152 | D:1      | Reached skill level 1 in Fighting
   178 | D:1      | Reached XP level 2. HP: 27/27 MP: 1/5
   277 | D:1      | Found a faded altar of an unknown god.
  1034 | D:1      | Reached XP level 3. HP: 35/35 MP: 6/6
  1224 | D:2      | Learned a level 3 spell: Frozen Ramparts
  1467 | D:2      | Noticed Jessica
  1476 | D:2      | Killed Jessica
  1477 | D:2      | Reached XP level 4. HP: 37/42 MP: 2/7
  1747 | D:2      | Found a burning altar of Makhleb.
  1889 | D:2      | Noticed Sigmund
  1905 | D:2      | Killed Sigmund
  1906 | D:2      | Reached skill level 4 in Fighting
  1906 | D:2      | Reached skill level 5 in Ice Magic
  1906 | D:2      | Reached XP level 5. HP: 4/54 MP: 2/8
  1906 | D:2      | Reached XP level 6. HP: 4/62 MP: 2/9
  2202 | D:2      | Learned a level 3 spell: Ozocubu's Armour
  2204 | D:2      | Learned a level 1 spell: Sandblast
  2802 | D:3      | Found a transporter.
  2933 | D:3      | Reached skill level 1 in Shields
  2933 | D:3      | Reached skill level 1 in Earth Magic
  3058 | D:3      | Found a transporter.
  3591 | D:4      | Found a staircase to the Ecumenical Temple.
  3598 | Temple   | Entered the Ecumenical Temple
  3725 | Temple   | Became a worshipper of Sif Muna the Loreminder
  4145 | D:4      | Found a runed translucent gate.
  4151 | D:4      | Found a runed translucent gate.
  4152 | D:4      | Found a runed translucent gate.
  4153 | D:4      | Noticed Welwordion's ghost (weakling OpDe)
  4165 | D:4      | Noticed a black bear
  4175 | D:4      | Killed a black bear
  4176 | D:4      | Reached XP level 7. HP: 30/70 MP: 0/10
  4566 | D:4      | Found Sigeno's Weapon Boutique.
  4987 | D:4      | Noticed Robin
  5078 | D:4      | Reached * piety under Sif Muna
  5081 | D:4      | Killed Robin
  5501 | D:5      | Entered Level 5 of the Dungeon
  6311 | D:5      | Noticed a vampire
  6346 | D:5      | Reached XP level 8. HP: 74/78 MP: 0/11
  6808 | D:5      | Reached skill level 5 in Shields
  7197 | D:6      | Noticed Edmund
  7217 | D:6      | Killed Edmund
  7409 | D:5      | Killed a vampire
  8219 | D:6      | Found a runed translucent door.
  8222 | D:6      | Noticed 2tc's ghost (novice DsVM)
  8235 | D:6      | Noticed Eustachio
  8287 | D:6      | Killed Eustachio
  8288 | D:6      | Reached XP level 9. HP: 73/84 MP: 1/12
  8509 | D:6      | Noticed a troll
  8600 | D:6      | Killed a troll
  9764 | D:7      | Noticed Harold
  9784 | D:7      | Killed Harold
  9785 | D:7      | Reached skill level 6 in Fighting
  9785 | D:7      | Reached skill level 5 in Earth Magic
  9992 | D:7      | Noticed Duvessa
  9995 | D:7      | Noticed Dowan
  9999 | D:7      | Killed Duvessa
 10000 | D:7      | Reached skill level 7 in Fighting
 10000 | D:7      | Reached XP level 10. HP: 100/102 MP: 7/13
 10005 | D:7      | Killed Dowan
 10248 | D:7      | Found Bamu's Antique Armour Emporium.
 10256 | D:7      | Bought a warped cloak for 209 gold pieces
 10256 | D:7      | Identified the +0 cloak of the Lobster {Int+7} (You bought
                  | it in a shop on level 7 of the Dungeon)
 10417 | D:7      | Reached skill level 8 in Fighting
 10468 | D:7      | Noticed a gargoyle
 10473 | D:7      | Noticed a cyclops
 10473 | D:7      | Noticed a kobold demonologist
 10485 | D:7      | Killed a gargoyle
 10487 | D:7      | Killed a kobold demonologist
 10487 | D:7      | Reached ** piety under Sif Muna
 10491 | D:7      | Killed a cyclops
 10492 | D:7      | Reached skill level 9 in Fighting
 10685 | D:7      | Noticed an unseen horror
 10691 | D:7      | Killed an unseen horror
 10745 | D:7      | Noticed a cyclops
 10870 | D:7      | Reached skill level 10 in Fighting
 10926 | D:7      | Noticed a four-headed hydra
 10940 | D:7      | Killed a four-headed hydra
 11229 | D:7      | Reached XP level 11. HP: 83/119 MP: 2/14
 11419 | D:7      | Killed a cyclops
 11420 | D:7      | Reached skill level 11 in Fighting
 12165 | D:8      | Found a transporter.
 12165 | D:8      | Found Nibomok's Armour Boutique.
 12269 | D:7      | Learned a level 5 spell: Lee's Rapid Deconstruction
 12279 | D:8      | Noticed a two-headed ogre
 12311 | D:8      | Noticed koorschki's ghost (novice DsAM)
 12591 | D:8      | Found Nukler's General Store.
 12600 | D:8      | Bought a potion of curing for 36 gold pieces
 12698 | D:8      | Found a transporter.
 12710 | D:8      | Found Poantef's Weapon Emporium.
 13035 | D:8      | Reached *** piety under Sif Muna
 13155 | D:8      | Found Qumoesk's Antique Weapon Emporium.
 13437 | D:9      | Noticed Maurice
 13451 | D:9      | Killed Maurice
 13652 | D:9      | Noticed a two-headed ogre
 13657 | D:9      | Killed a two-headed ogre
 13658 | D:9      | Reached skill level 12 in Fighting
 13831 | D:9      | Found a hide-covered altar of Uskayaw.
 13949 | D:9      | Identified the +7 hand axe of Rubbish {elec, Dex+3}
 14042 | D:9      | Noticed Joseph
 14060 | D:9      | Killed Joseph
 14449 | D:10     | Entered Level 10 of the Dungeon
 14551 | D:10     | Identified the +1 robe of Infinity {Slay+3 Stlth+}
 14563 | D:10     | Noticed a two-headed ogre
 14581 | D:10     | Killed a two-headed ogre
 15385 | D:10     | Reached skill level 13 in Fighting
 15986 | D:11     | Reached skill level 10 in Earth Magic
 16127 | D:11     | Noticed a cyclops
 16148 | D:11     | Killed a cyclops
 16312 | D:11     | Found a staircase to the Lair.
 16528 | D:11     | Reached XP level 12. HP: 128/136 MP: 9/15
 16579 | D:11     | Reached **** piety under Sif Muna
 16937 | D:11     | Noticed a two-headed ogre
 16945 | D:11     | Killed a two-headed ogre
 17212 | D:11     | Reached skill level 14 in Fighting
 17527 | D:11     | Found Qiesi's Demolitions Depot.
 17811 | Lair:1   | Entered Level 1 of the Lair of Beasts
 19289 | Lair:2   | Reached skill level 15 in Fighting
 20508 | Lair:2   | Reached XP level 13. HP: 130/152 MP: 2/16
 20838 | Lair:2   | Reached skill level 16 in Fighting
 23027 | Lair:3   | Found a staircase to the Snake Pit.
 23059 | Snake:1  | Entered Level 1 of the Snake Pit
 24788 | Lair:4   | Found a gate leading to a gauntlet.
 24796 | Gauntlet | Entered a Gauntlet
 24796 | Gauntlet | Found a large runed translucent door.
 24796 | Gauntlet | Found a large runed translucent door.
 24796 | Gauntlet | Found a large runed translucent door.
 24796 | Gauntlet | Found a large runed translucent door.
 24796 | Gauntlet | Found a large runed translucent door.
 24796 | Gauntlet | Found a large runed translucent door.
 24796 | Gauntlet | Found a runed translucent door.
 24796 | Gauntlet | Found a transporter.
 24796 | Gauntlet | Found a transporter.
 24796 | Gauntlet | Found a runed translucent door.
 24796 | Gauntlet | Found a large runed translucent door.
 24796 | Gauntlet | Found a large runed translucent door.
 24796 | Gauntlet | Found a large runed translucent door.
 24796 | Gauntlet | Found a large runed translucent door.
 24796 | Gauntlet | Found a large runed translucent door.
 24796 | Gauntlet | Found a large runed translucent door.
 24801 | Gauntlet | Found a transporter.
 24818 | Gauntlet | Found a transporter.
 24823 | Gauntlet | Noticed a cacodemon
 24833 | Gauntlet | Found a transporter.
 24846 | Gauntlet | Found a transporter.
 24875 | Gauntlet | Found a transporter.
 24951 | Gauntlet | Found a transporter.
 24952 | Gauntlet | Found a transporter.
 24966 | Gauntlet | Found a transporter.
 24976 | Gauntlet | Found a transporter.
 24989 | Gauntlet | Found a transporter.
 24997 | Gauntlet | Found a large runed translucent door.
 24998 | Gauntlet | Found a large runed translucent door.
 25000 | Gauntlet | Found a runed translucent gate.
 25001 | Gauntlet | Found a runed translucent gate.
 25002 | Gauntlet | Found a runed translucent gate.
 25004 | Gauntlet | Found a large runed translucent door.
 25005 | Gauntlet | Found a large runed translucent door.
 25016 | Gauntlet | Found a transporter.
 25031 | Gauntlet | Found a transporter.
 25048 | Gauntlet | Found a transporter.
 25060 | Gauntlet | Noticed a cacodemon
 25061 | Gauntlet | Found a transporter.
 25498 | Gauntlet | Learned a level 9 spell: Shatter
 25886 | Gauntlet | Gained mutation: Your movements are slightly less
                  | encumbered by armour. (ER -2) [a neqoxec]
 25890 | Gauntlet | Reached skill level 5 in Spellcasting
 25893 | Gauntlet | Killed a cacodemon
 26174 | Gauntlet | Identified the ring of Ysaume Tirgh {rC+ rCorr}
 26176 | Gauntlet | Identified the +0 leather armour of the Alphagorgon
                  | {Rampage rF- Will+ SInv}
 26235 | Gauntlet | Reached skill level 10 in Shields
 26731 | Gauntlet | Identified the +5 dagger "Ogre's Curse" {freeze, rN+}
 26731 | Gauntlet | Noticed a minotaur
 26741 | Gauntlet | Killed a minotaur
 26776 | Gauntlet | Identified the Handbook of the Compass
 26779 | Gauntlet | Identified Sif Muna's Disquisition on Enchantment
 26779 | Gauntlet | Identified the +1 robe of Starshine {Will+ Int+3}
 26789 | Gauntlet | Identified the +3 tower shield "Ekauseol" {rF+}
 27669 | D:8      | Bought 18 stones for 21 gold pieces
 27721 | D:8      | Bought 23 stones for 32 gold pieces
 27780 | D:8      | Killed koorschki's ghost
 27781 | D:8      | Reached XP level 14. HP: 88/163 MP: 2/23
 28218 | D:6      | Killed 2tc's ghost
 28392 | D:4      | Killed Welwordion's ghost
 29630 | Lair:4   | Found a staircase to the Shoals.
 29979 | Lair:5   | HP: 7/163 [komodo dragon (13)]
 31184 | Lair:5   | HP: 6/163 [barbs]
 31723 | Lair:4   | Learned a level 4 spell: Petrify
 31727 | Lair:4   | Learned a level 3 spell: Stone Arrow
 31732 | Lair:4   | Learned a level 4 spell: Leda's Liquefaction
 34650 | Lair:6   | Entered Level 6 of the Lair of Beasts
 35284 | Lair:6   | Found a staircase to the Slime Pits.
 35651 | Lair:6   | Reached XP level 15. HP: 101/172 MP: 2/24
 36186 | Lair:6   | HP: 7/172 [catoblepas (22)]
 37027 | Lair:6   | Reached skill level 15 in Shields
 37034 | Lair:6   | Reached skill level 17 in Fighting
 37516 | Lair:6   | Found a blossoming altar of Fedhas.
 39394 | Lair:6   | Reached skill level 18 in Fighting
 39637 | Lair:6   | Identified the Volume of the Hurtful Mountains
 40053 | Shoals:1 | Entered Level 1 of the Shoals
 40092 | Shoals:1 | HP: 6/176 [merfolk impaler/+3 vampiric trident (24)]
 42269 | D:12     | Found a staircase to the Orcish Mines.
 42330 | D:12     | Noticed Nessos
 42402 | D:12     | Killed Nessos
 42765 | Orc:1    | Entered Level 1 of the Orcish Mines
 42767 | Orc:1    | Found a frozen archway.
 42776 | IceCv    | Entered an ice cave
 42873 | IceCv    | Found a transporter.
 42887 | IceCv    | Identified the +1 scale mail "Tydeel" {rC++}
 42961 | IceCv    | Found a transporter.
 42972 | IceCv    | Identified the Guide on Bewitchment
 43635 | Orc:2    | Entered Level 2 of the Orcish Mines
 43778 | Orc:2    | Reached ***** piety under Sif Muna
 43796 | Orc:2    | Identified Sif Muna's Collected Works on Fire and Darkness
                  | (Sif Muna gifted it to you on level 2 of the Orcish Mines)
 43796 | Orc:2    | Received a gift from Sif Muna
 43797 | Orc:2    | Reached skill level 19 in Fighting
 44039 | Orc:2    | Noticed an orc warlord
 44567 | D:11     | Bought a manual of Conjurations for 1324 gold pieces
 44639 | Orc:2    | Reached skill level 1 in Conjurations
 45316 | D:13     | Reached XP level 16. HP: 189/189 MP: 22/25
 45388 | D:13     | Found the +5 scythe "Finisher" {speed, eviscerate}
 45448 | D:13     | Reached skill level 5 in Conjurations
 45802 | D:13     | Found a runed translucent gate.
 45802 | D:13     | Found a runed translucent gate.
 45802 | D:13     | Found a runed translucent gate.
 45979 | D:13     | Identified a scroll of acquirement
 45979 | D:13     | Acquired 839 gold pieces
 46628 | D:13     | Found a gate to the Vaults.
 47576 | Orc:2    | Reached skill level 10 in Conjurations
 47896 | Orc:2    | Found a staircase to the Elven Halls.
 48320 | Orc:2    | Found Bafes's Antique Weapon Shoppe.
 48324 | Orc:2    | Found Zaytsyi's Jewellery Shoppe.
 48329 | Orc:2    | Found Eqacw's Weapon Boutique.
 48367 | Orc:2    | Found Erchucsau's Weapon Emporium.
 48791 | D:14     | HP: 6/189 [troll (6)]
 48792 | D:13     | Succumbed to a meliai's poison

Illustrated notes

Levels and vault maps discovered:
D:1:      lemuel_arrival_lava_pool, layout_basic,
          shapermc_ecumenical_altar_totnotflames
D:2:      layout_loops_corners, basic_altar, uniq_sigmund, uniq_jessica
D:3:      gammafunk_steamed_eel, layout_basic
D:4:      layout_cave_pods, minmay_temple_entry_hall,
          gammafunk_ghost_nasty_kobolds, serial_shops, shop_fountains,
          uniq_robin
D:5:      minmay_chambers_of_fours, layout_loops_ring, nrook_loot_triangle
D:6:      layout_basic, ebering_ghost_reflecting_pool, minivault_11,
          uniq_eustachio, uniq_edmund
D:7:      minmay_the_grid_octo_tiled_squarecenter
          [minmay_the_grid_octo_checkered, minmay_the_grid_octo_pinwheel,
          minmay_the_grid_octo_odd_swirl, minmay_the_grid_octo_thin_diamonds,
          minmay_the_grid_square_5x5_megaprize_crossed,
          minmay_the_grid_square_5x5_plus, minmay_the_grid_square_5x5_shrine2,
          minmay_the_grid_square_5x5_sharp_hourglass,
          minmay_the_grid_square_5x5_tetrominoes], layout_basic, serial_shops,
          shop, minivault_19, uniq_harold, uniq_duvessa
D:8:      layout_rooms, nzn_ghost_randoct, special_room [special_room_orc],
          serial_shops, shop, nicolae_shop_overgrown_old_shop,
          nicolae_shop_statue_plus, nicolae_shop_waterfront
D:9:      layout_gridville, lemuel_tele_altar, uniq_joseph, uniq_maurice
D:10:     layout_grid_maze
D:11:     layout_irregular_city, david_lair_generic, nicolae_blasting_shop
D:12:     layout_big_octagon, orc_0_dummy, uniq_nessos
D:13:     layout_irregular_city, david_vaults_1,
          ploomutoo_gammafunk_ghost_potion_laboratory,
          minmay_guarded_unrand_finisher
D:14:     layout_grid_maze, serial_park_avenue1, serial_shops, shop, laboratory,
          uniq_roxanne
Temple:   kilobyte_greek_temple
Lair:1:   layout_roguey, minmay_hedge_maze, beast_lair_carwin_7
Lair:2:   dpeg_oklob_gauntlet, layout_loops_ring
Lair:3:   layout_cave_pods, dummy_snake_entry, grunt_megastairs_3,
          infiniplex_staircase_pool_2
Lair:4:   layout_layer_cave, minmay_shoals_entry_lonely_mermaid,
          gauntlet_entry_generic
Lair:5:   nzn_motion_control, layout_gridlike, serial_bayou_shore_b
Lair:6:   evilmike_catoblepas_cave, layout_loops_ring, slime_dummy, basic_altar,
          minmay_lair_oklob_bushes
Shoals:1: layout_shoals, ebering_ghost_reflecting_pool
Snake:1:  layout_misc_corridors, dpeg_stationary_puzzle, serial_bayou_shore_b,
          minmay_shoptagon
Orc:1:    layout_caves, portal_ice_cave_entry_pillars_2, minmay_orc_temple_a
Orc:2:    st_orc_open, layout_caves

Skill      XL: |  1  2  3  4  5  6  7  8  9 10 11 12 13 14 15 16 |
---------------+-------------------------------------------------+-----
Fighting       | 1 4 7 10 13 15 16 19 | 19.2
Ice Magic      | 4 5 |  5.6
Shields        | 1 4 7 9 11 14 15 | 15.0
Earth Magic    | 3 5 8 10 12 | 12.5
Spellcasting   | 6 |  6.3
Conjurations   | 4 11 | 11.0
Dodging        | |  1.7
Stealth        | |  1.4

Action                   |  1- 3 |  4- 6 |  7- 9 | 10-12 | 13-15 | 16-18 || total
-------------------------+-------+-------+-------+-------+-------+-------++-------
Melee: Short sword       |     5 |       |       |       |       |       ||     5
       Dagger            |    39 |    72 |   122 |    31 |       |       ||   264
       Staff             |       |       |       |    55 |    34 |       ||    89
       Spear             |       |       |       |     6 |    19 |       ||    25
       Hand axe          |       |       |       |       |   269 |    99 ||   368
Throw: Stone             |     4 |    18 |     3 |       |       |       ||    25
       Boomerang         |       |       |    19 |    22 |    31 |     1 ||    73
       Dart              |       |       |       |    13 |   127 |    49 ||   189
 Cast: Freeze            |    24 |    26 |    71 |   119 |    32 |       ||   272
       Frozen Ramparts   |     1 |     7 |    31 |    51 |    80 |    14 ||   184
       Ozocubu's Armour  |       |     1 |     4 |     4 |    13 |     2 ||    24
       Sandblast         |       |       |    40 |   169 |   176 |    11 ||   396
       Lee's Rapid Decon |       |       |       |     5 |    80 |    16 ||   101
       Shatter           |       |       |       |       |     1 |       ||     1
       Stone Arrow       |       |       |       |       |   190 |    53 ||   243
       Leda's Liquefacti |       |       |       |       |    12 |     1 ||    13
       Petrify           |       |       |       |       |     1 |     4 ||     5
Invok: Channel Magic     |       |       |     1 |     1 |    15 |     4 ||    21
       Divine Exegesis   |       |       |       |       |     1 |       ||     1
Evoke: Wand              |       |       |     7 |     3 |    28 |       ||    38
       Lightning rod     |       |       |       |       |     8 |     1 ||     9
       Phantom mirror    |       |       |       |       |     1 |       ||     1
  Use: Scroll            |       |       |    11 |     4 |    14 |     1 ||    30
       Potion            |       |       |     2 |     1 |    11 |     2 ||    16
 Stab: Sleeping          |     6 |     1 |       |       |     1 |     1 ||     9
Armor: Robe              |    20 |    40 |    14 |       |    90 |    14 ||   178
       Animal skin       |       |       |   103 |    99 |    39 |       ||   241
Dodge: Dodged            |    14 |    48 |   158 |    92 |   238 |    61 ||   611
Block: Kite shield       |       |       |    23 |   178 |   291 |       ||   492
       Tower shield      |       |       |       |       |   360 |   167 ||   527

Table legend: (Time is in decaauts)
 A = Elapsed time spent in this place.
 B = Non-inter-level travel time spent in this place.
 C = Inter-level travel time spent in this place.
 D = Time resting spent in this place.
 E = Time spent auto-exploring this place.
 F = Levels seen in this place.
 G = Mean time per level.
                   A        B        C        D        E       F      G
               +--------+--------+--------+--------+--------+-----+--------+
         Total |  49051 |  43800 |   5251 |  24330 |   4328 |  27 | 1816.7 |
       Dungeon |  21994 |  19518 |   2476 |   8946 |   3641 |  14 | 1571.0 |
        Temple |    165 |    165 |      0 |      0 |    123 |   1 |  165.0 |
          Lair |  20909 |  18349 |   2560 |  12234 |    303 |   6 | 3484.8 |
        Shoals |    126 |    126 |      0 |     36 |      0 |   1 |  126.0 |
     Snake Pit |      1 |      1 |      0 |      0 |      0 |   1 |    1.0 |
  Orcish Mines |   3341 |   3127 |    214 |   1548 |    261 |   2 | 1670.5 |
      Ice Cave |    333 |    333 |      0 |    226 |      0 |   1 |  333.0 |
      Gauntlet |   2179 |   2179 |      0 |   1340 |      0 |   1 | 2179.0 |
               +--------+--------+--------+--------+--------+-----+--------+

Top non-repeatable levels by time:
  Lair:5: 6264 daAuts
  Lair:4: 4825 daAuts
  Lair:2: 3594 daAuts
     D:7: 2492 daAuts
  Lair:6: 2366 daAuts
     D:6: 2359 daAuts
Gauntlet: 2179 daAuts
  Lair:3: 2131 daAuts
    D:11: 2105 daAuts
     D:5: 2056 daAuts
     D:4: 1982 daAuts
   Orc:2: 1935 daAuts
     D:8: 1927 daAuts
  Lair:1: 1726 daAuts
    D:13: 1666 daAuts
